[Event "Titled Tuesday Blitz August 09 Early 2022"]
[White "Aaditya Dhingra"]
[Black "Papasimakopoulos, Alexandros"]
[WhiteFideId "25678191"]
[BlackFideId "4244125"]
[WhiteElo "1849"]
[BlackElo "2357"]
[Result "0-1"]
[Round "06"]
[TimeControl "180+1"]
[Date "2022.08.09"]
[WhiteClock "0:00:09"]
[BlackClock "0:00:22"]

1. e4 e6 2. d4 d5 3. Nd2 Nf6 4. e5 Nfd7 5. Bd3 c5 6. c3 Nc6 7. Ne2 cxd4 8. cxd4 f6 9. exf6 Nxf6 10. Nf3 Bd6 11. O-O Qc7 12. Bg5 O-O 13. Bh4 Nh5 14. Bg3 Nxg3 15. hxg3 Bd7 16. Rc1 Rf6 17. a3 Be8 18. b4 a6 19. Qd2 Bh5 20. Qe3 Raf8 21. Ng5 Re8 22. Nxh7 Rh6 23. Ng5 e5 24. Rfe1 e4 25. Bb1 Qd7 26. Nf4 Qf5 27. Nxh5 Rxh5 28. Nh3 Re6 29. Red1 Reh6 30. Kf1 Qg4 31. Ba2 Ne7 32. Qe2 Qe6 33. Ke1 Rxh3 34. gxh3 Rxh3 35. Kd2 Rh2 36. Rh1 Bxg3 37. Rxh2 Bxh2 38. Rh1 Bf4+ 39. Kc3 Nf5 40. Qg4 Qc6+ 41. Kb2 Bd2 42. Qxf5 Qc3+ 43. Kb1 Qd3+ 44. Kb2 Bc3+ 45. Kb3 Bxd4+ 46. Ka4 b5+ 47. Ka5 Qxa3# 0-1


[Site "https://www.chess.com"]

[Event "Titled Tuesday Blitz August 09 Early 2022"]
[White "Abdrlauf, Elham"]
[Black "Andreikin, Dmitry"]
[WhiteFideId "1533533"]
[BlackFideId "4158814"]
[WhiteElo "2853"]
[BlackElo "3120"]
[Result "0-1"]
[Round "06"]
[TimeControl "180+1"]
[Date "2022.08.09"]
[WhiteClock "0:00:03"]
[BlackClock "0:00:43"]

1. e4 c5 2. Nf3 e6 3. c3 d5 4. e5 Nc6 5. d4 Qb6 6. Be2 Bd7 7. O-O Rc8 8. dxc5 Qc7 9. Bf4 Bxc5 10. b4 Be7 11. Na3 a6 12. Nc2 Nh6 13. Ncd4 Nxd4 14. cxd4 Nf5 15. Rb1 O-O 16. Bd3 Bb5 17. g4 Bxd3 18. Qxd3 Qc3 19. Rfd1 Nh4 20. Nxh4 Bxh4 21. b5 Qxd3 22. Rxd3 Rc2 23. Bg3 Bxg3 24. hxg3 Rxa2 25. bxa6 bxa6 26. Rb7 h6 27. Ra7 Ra4 28. Kg2 Rc8 29. Rf3 Rf8 30. Rd3 a5 31. Kh3 Ra1 32. f4 Rc8 33. Rd2 Rc3 34. f5 Raa3 35. Rg2 Rd3 36. fxe6 fxe6 37. g5 hxg5 38. Kg4 Kh7 39. Re7 Kh6 40. Rxe6+ g6 41. Rh2+ Kg7 42. Re7+ Kf8 0-1


[Site "https://www.chess.com"]

[Event "Titled Tuesday Blitz August 09 Early 2022"]
[White "Adewumi, Tanitoluwa"]
[Black "Gabdrakhmanov, Azat"]
[WhiteFideId "30966396"]
[BlackFideId "34189197"]
[WhiteElo "2514"]
[BlackElo "2293"]
[Result "1-0"]
[Round "06"]
[TimeControl "180+1"]
[Date "2022.08.09"]
[WhiteClock "0:00:08"]
[BlackClock "0:00:20"]

1. e4 c5 2. Nf3 e6 3. c3 d5 4. exd5 Qxd5 5. d4 Nf6 6. Na3 a6 7. Nc4 Nbd7 8. Ne3 Qc6 9. Be2 b5 10. a4 Bb7 11. axb5 axb5 12. Rxa8+ Bxa8 13. dxc5 Bxc5 14. Nd4 Bxd4 15. Qxd4 O-O 16. O-O Rc8 17. Rd1 h6 18. Qb4 Rb8 19. Rd6 Qc7 20. Rd4 Ne5 21. Rh4 Nc6 22. Qc5 Qa5 23. Ng4 Nxg4 24. Rxg4 Qa1 25. Qe3 Kh8 26. h3 Ne7 27. Qf4 Rf8 28. Kh2 Nd5 29. Qd4 e5 30. Qxe5 f6 31. Qd6 Rg8 32. Bxh6 gxh6 33. Rxg8+ Kxg8 34. Bf3 Qa2 35. Qd8+ Kf7 36. Qd7+ Kf8 37. Bh5 Nf4 38. Qd8+ Kg7 39. Qc7+ Kg8 40. Qxf4 Qa7 41. Qxh6 Qc7+ 42. g3 Qb7 43. Qg6+ Kf8 44. Qxf6+ Kg8 45. Qe6+ Kh8 46. Qe5+ Kg8 47. Qg5+ Kh8 48. Qe5+ Kg8 49. f3 Qd7 50. Qe8+ Qxe8 51. Bxe8 b4 52. cxb4 Kf8 53. Ba4 Ke7 54. b5 Kd6 55. b6 Bb7 56. h4 Kc5 57. h5 Kxb6 58. h6 Bxf3 59. h7 Bd5 60. h8=Q 1-0


[Site "https://www.chess.com"]

[Event "Titled Tuesday Blitz August 09 Early 2022"]
[White "Agasarov, Benik"]
[Black "Mikhnenko, Alexander"]
[WhiteFideId "13314823"]
[BlackFideId "34143014"]
[WhiteElo "2152"]
[BlackElo "2134"]
[Result "1-0"]
[Round "06"]
[TimeControl "180+1"]
[Date "2022.08.09"]
[WhiteClock "0:02:01"]
[BlackClock "0:01:23"]

1. e4 c5 2. Nf3 e6 3. d4 cxd4 4. Nxd4 Nf6 5. Nc3 Nc6 6. Nxc6 bxc6 7. e5 Nd5 8. Ne4 Qc7 9. f4 Qb6 10. c4 Bb4+ 11. Ke2 f5 12. Nf2 Ba6 13. Kf3 Ne7 14. Be3 Bc5 15. Bxc5 Qxc5 16. b3 g5 17. g3 gxf4 18. gxf4 Ng6 19. h4 Nxf4 20. Qd6 Qxd6 21. exd6 Ng6 22. h5 Ne5+ 23. Kf4 Nf7 24. c5 Bxf1 25. Raxf1 Nh6 26. Rhg1 Kf7 27. Nd3 Ng4 28. Rxg4 fxg4 29. Ne5+ Ke8 30. Kxg4 Rg8+ 31. Kh4 a5 32. Rf7 Rd8 33. Re7+ 1-0


[Site "https://www.chess.com"]

[Event "Titled Tuesday Blitz August 09 Early 2022"]
[White "Aradhya, Garg"]
[Black "Can, Melih Kaan"]
[WhiteFideId "25006746"]
[BlackFideId "6317383"]
[WhiteElo "2203"]
[BlackElo "2049"]
[Result "1-0"]
[Round "06"]
[TimeControl "180+1"]
[Date "2022.08.09"]
[WhiteClock "0:00:09"]
[BlackClock "0:00:02"]

1. d4 Nf6 2. c4 c5 3. d5 e6 4. Nf3 exd5 5. cxd5 d6 6. e4 g6 7. Bd3 Bg7 8. O-O O-O 9. h3 b5 10. a4 b4 11. Nbd2 a5 12. Nc4 Ba6 13. Re1 Bxc4 14. Bxc4 Nbd7 15. Bf4 Qc7 16. e5 dxe5 17. Nxe5 Nh5 18. d6 Qa7 19. Bh2 Nxe5 20. Bxe5 Bxe5 21. Rxe5 Ng7 22. Re7 Qb6 23. Bxf7+ Kh8 24. Qd5 Rad8 25. Rd1 c4 26. Qe5 c3 27. bxc3 bxc3 28. Qxc3 Rxd6 29. Rxd6 Qxd6 30. Qc7 Qf6 31. f4 Nf5 32. Rd7 Nh4 33. Qe5 Kg7 34. Bxg6+ Kxg6 35. Rd6 Nf5 36. Rxf6+ Rxf6 37. g4 Ng7 38. f5+ Kf7 39. Qc7+ Kg8 40. Qxa5 h5 41. Qd5+ Kh7 42. a5 hxg4 43. hxg4 Rh6 44. g5 Rh4 45. f6 Nh5 46. Qf5+ Kg8 47. g6 Rh1+ 48. Kg2 1-0


[Site "https://www.chess.com"]

[Event "Titled Tuesday Blitz August 09 Early 2022"]
[White "Aslanov, Umid"]
[Black "Ezov"]
[WhiteFideId "13412620"]
[WhiteElo "1826"]
[BlackElo "2267"]
[Result "1-0"]
[Round "06"]
[TimeControl "180+1"]
[Date "2022.08.09"]
[WhiteClock "0:01:27"]
[BlackClock "0:00:09"]

1. e4 e6 2. d4 d5 3. Nd2 Nf6 4. e5 Nfd7 5. Bd3 c5 6. c3 Nc6 7. Ne2 cxd4 8. cxd4 Qb6 9. Nf3 Bb4+ 10. Bd2 Bxd2+ 11. Qxd2 Qb4 12. a3 Qxd2+ 13. Kxd2 Nb6 14. Rhc1 Bd7 15. b4 Rc8 16. Nc3 Nb8 17. Nb5 Bxb5 18. Rxc8+ Nxc8 19. Bxb5+ Kd8 20. a4 a6 21. Bd3 h6 22. b5 a5 23. Rc1 Nb6 24. Nh4 Kd7 25. f4 Rc8 26. Ra1 Nc4+ 27. Bxc4 Rxc4 28. Kd3 b6 29. f5 Ke7 30. g4 Nd7 31. Nf3 Nf8 32. Nd2 Rc7 33. h4 h5 34. Rg1 hxg4 35. Rxg4 g6 36. fxg6 Nxg6 37. h5 Nf8 38. h6 Ng6 39. Nf3 Kf8 40. Ng5 Rc4 41. Nxe6+ fxe6 42. Rxg6 Kf7 43. Rf6+ Kg8 44. Rxe6 Rxa4 45. Rxb6 Ra3+ 46. Ke2 Ra2+ 47. Kf3 a4 48. Ra6 a3 49. b6 Rb2 50. e6 a2 51. e7 Rb3+ 52. Kf4 Kf7 53. h7 Rh3 54. b7 Rh4+ 55. Kg5 Rxd4 56. e8=Q+ Kxe8 57. h8=Q+ Kd7 58. b8=Q 1-0


[Site "https://www.chess.com"]

[Event "Titled Tuesday Blitz August 09 Early 2022"]
[White "Atakhan, Abtin"]
[Black "Pranav Anand"]
[WhiteFideId "22502203"]
[BlackFideId "46626786"]
[WhiteElo "2709"]
[BlackElo "2856"]
[Result "0-1"]
[Round "06"]
[TimeControl "180+1"]
[Date "2022.08.09"]
[WhiteClock "0:00:03"]
[BlackClock "0:00:16"]

1. d4 g6 2. Nf3 Bg7 3. g3 d6 4. Bg2 Nd7 5. O-O e5 6. e4 Ne7 7. Nc3 O-O 8. Re1 Nc6 9. Bg5 f6 10. Bc1 Kh8 11. h4 exd4 12. Nxd4 Nxd4 13. Qxd4 f5 14. Qd1 Ne5 15. Bg5 Bf6 16. Bh6 Bg7 17. Bxg7+ Kxg7 18. exf5 Bxf5 19. Qd4 Qf6 20. Qf4 c6 21. Re2 Rae8 22. Rae1 Bg4 23. Qxf6+ Rxf6 24. Re3 Bf3 25. Ne4 Bxe4 26. Rxe4 Ref8 27. R1e2 R6f7 28. c4 Nd3 29. f4 Nc5 30. Rd4 Rd8 31. b4 Na4 32. b5 cxb5 33. cxb5 Nc3 34. Rb2 Re7 35. Rd3 Rc7 36. b6 axb6 37. Rxb6 d5 38. Kh2 Rdd7 39. a3 Kf7 40. h5 gxh5 41. Rh6 Kg7 42. Rxh5 d4 43. Rg5+ Kf8 44. f5 Ne2 45. f6 Nc1 46. Rd1 d3 47. Bd5 Rxd5 48. Rxd5 Kf7 49. Rf5 Rc2+ 50. Kh3 Rc3 51. Rf3 Rc6 52. Rff1 Nb3 53. Rxd3 Nc5 54. Re3 Ne6 55. Rd3 Rc7 56. Rd6 Ng5+ 57. Kg2 Ne4 58. Rd3 Nxf6 59. Rdf3 Rc6 60. g4 Kg6 61. Kg3 Ne4+ 62. Kf4 Nd2 63. R1f2 Nxf3 64. Rxf3 Rc4+ 65. Kg3 Ra4 66. Rb3 Ra7 67. Rb6+ Kg7 68. Rb3 Kf6 69. Rb6+ Ke5 70. Kh4 Kf4 71. Rf6+ Ke5 72. Rf7 Rxa3 73. Rxb7 Kf6 74. Rxh7 Kg6 75. Rh5 Ra1 76. Rg5+ Kh6 77. Rb5 Rh1+ 78. Kg3 Kg7 79. Rf5 Rc1 80. Rf2 Rc3+ 81. Rf3 Rc5 82. Kf4 Rc4+ 83. Kg3 Rc5 84. Kh4 Rc6 85. Rf5 Rc7 86. Kg5 Rd7 87. Re5 Rc7 88. Kf5 Rf7+ 89. Ke6 Rf4 90. Rg5+ Kh6 91. Rg8 Kh7 92. Ke5 Rf1 93. Rg5 Kh6 94. Rf5 Rg1 95. Kf4 Kg6 96. Rg5+ Kf6 97. Rf5+ Kg6 98. Rf8 Rf1+ 99. Ke5 Rxf8 0-1


[Site "https://www.chess.com"]

[Event "Titled Tuesday Blitz August 09 Early 2022"]
[White "Avalos Parra, Joao"]
[Black "Kiseljova, Marya"]
[WhiteFideId "3402541"]
[BlackFideId "4155009"]
[WhiteElo "2173"]
[BlackElo "1697"]
[Result "0-1"]
[Round "06"]
[TimeControl "180+1"]
[Date "2022.08.09"]
[WhiteClock "0:00:17"]
[BlackClock "0:00:07"]

1. d4 d5 2. Nc3 e6 3. e4 dxe4 4. Nxe4 Nf6 5. Bg5 Be7 6. Bxf6 Bxf6 7. Nf3 O-O 8. c3 b6 9. Bd3 Bb7 10. Qe2 Nd7 11. O-O-O Qe7 12. g4 g6 13. h4 c5 14. h5 cxd4 15. cxd4 Rac8+ 16. Kb1 Qb4 17. hxg6 fxg6 18. Nxf6+ Rxf6 19. Ne5 Bxh1 20. Nxd7 Rf7 21. Qxe6 Qa4 22. Rxh1 Qxd7 23. Qe5 Re8 24. Qg5 Qxd4 25. Bc2 Qxf2 26. a3 Re1+ 27. Rxe1 Qxe1+ 28. Ka2 Qe7 29. Qd5 Qd7 30. Bb3 Kg7 31. Qe5+ Rf6 32. g5 Qd8 33. Qxf6+ Qxf6 34. gxf6+ Kxf6 35. Bd5 Ke5 36. Bb7 g5 37. Kb3 Kf4 38. Kc3 Ke3 39. Kc2 g4 40. a4 g3 41. b4 h5 42. Bg2 h4 43. Bh3 Kf2 44. Kc3 g2 45. Bxg2 Kxg2 46. a5 h3 47. axb6 axb6 48. Kc4 h2 49. Kb5 h1=Q 50. Kxb6 Kg3 51. b5 Kf4 52. Kc7 Qc1+ 53. Kd7 Qd2+ 54. Kc6 Qc3+ 55. Kd6 Qd4+ 56. Kc6 Qc4+ 57. Kb6 Ke5 58. Ka5 Qa2+ 59. Kb6 Kd6 60. Kb7 Qa5 61. b6 Kd7 62. Kb8 Qxb6+ 63. Ka8 Qb5 64. Ka7 Kc7 65. Ka8 Qb7# 0-1


[Site "https://www.chess.com"]

[Event "Titled Tuesday Blitz August 09 Early 2022"]
[White "Averjanov, Alexey"]
[Black "Ismayil, Malak"]
[WhiteFideId "14109867"]
[BlackFideId "13412604"]
[WhiteElo "2640"]
[BlackElo "1879"]
[Result "1-0"]
[Round "06"]
[TimeControl "180+1"]
[Date "2022.08.09"]
[WhiteClock "0:00:30"]
[BlackClock "0:00:02"]

1. d4 Nf6 2. c4 g6 3. Nc3 Bg7 4. e4 d6 5. Be2 O-O 6. Nf3 e5 7. O-O Nc6 8. d5 Nb8 9. Ne1 a5 10. Be3 Na6 11. f3 Nh5 12. Nd3 f5 13. c5 f4 14. Bf2 Qe7 15. cxd6 cxd6 16. Na4 Bd7 17. Nb6 Rae8 18. Nxd7 Qxd7 19. Rc1 g5 20. Bb6 Nf6 21. Nf2 Rc8 22. Bxa5 h5 23. h3 g4 24. fxg4 hxg4 25. Bxg4 Nxg4 26. Nxg4 Nc5 27. Qe2 Qa4 28. b4 Nd7 29. Rc7 b6 30. Rxd7 Qxd7 31. Bxb6 Rb8 32. Ba5 Rfc8 33. Kh2 Qa4 34. Nf2 Rc2 35. Qg4 Qe8 36. Qf5 Qf7 37. Qg5 Qf6 38. Qh5 Qf7 39. Qg5 Qf6 40. Qh5 Qh6 41. Qf3 Rxa2 42. Ng4 Qg5 43. Rc1 Qe7 44. Rc7 Qe8 45. Nf2 Qg6 46. Ng4 Rd2 47. Qc3 Rd4 48. Rc8+ Rxc8 49. Qxc8+ Kh7 50. Qd7 Rxe4 51. Bd8 Rxb4 52. Be7 e4 53. Bxd6 Rd4 54. Be5 1-0


[Site "https://www.chess.com"]

[Event "Titled Tuesday Blitz August 09 Early 2022"]
[White "Bharath Subramaniyam H"]
[Black "Matlakov, Maxim"]
[WhiteFideId "46634827"]
[BlackFideId "4168003"]
[WhiteElo "2751"]
[BlackElo "2908"]
[Result "1-0"]
[Round "06"]
[TimeControl "180+1"]
[Date "2022.08.09"]
[WhiteClock "0:00:07"]
[BlackClock "0:00:08"]

1. e4 e5 2. Nf3 Nc6 3. Bb5 Nf6 4. Nc3 Nd4 5. Bc4 Bc5 6. d3 d6 7. h3 a6 8. a4 h6 9. Nxd4 Bxd4 10. Ne2 Ba7 11. O-O g5 12. Ng3 Rg8 13. Be3 Qe7 14. Bxa7 Rxa7 15. d4 Ra8 16. Qd3 Kf8 17. Rad1 h5 18. Qb3 exd4 19. Rxd4 h4 20. Nf5 Bxf5 21. exf5 c5 22. Rdd1 g4 23. Rfe1 Qd7 24. Qe3 Rg7 25. Qh6 Qxf5 26. Rxd6 Ne4 27. Qh8+ Ke7 28. Rxe4+ Qxe4 29. Qxa8 Kxd6 30. Qf8+ Kc6 31. Qxg7 Qxc4 32. Qf6+ Kc7 33. hxg4 Qxg4 34. Qxf7+ Kb6 35. Qb3+ Ka5 36. Qxb7 Qd1+ 37. Kh2 Qxc2 38. b3 Qxf2 39. Qc7+ Kb4 40. Qb6+ Ka3 41. Qxa6 Qg3+ 42. Kg1 h3 43. Qe2 hxg2 44. a5 Qxb3 45. a6 c4 46. a7 Qb6+ 47. Qf2 Qb1+ 48. Kxg2 Qb7+ 49. Qf3+ Qxf3+ 50. Kxf3 c3 51. a8=Q+ Kb2 52. Qb7+ Kc1 53. Ke2 c2 54. Kd3 1-0


[Site "https://www.chess.com"]

[Event "Titled Tuesday Blitz August 09 Early 2022"]
[White "Bilych, Olexiy"]
[Black "Janaszak, Dawid"]
[WhiteFideId "14156504"]
[BlackFideId "1119206"]
[WhiteElo "2157"]
[BlackElo "2165"]
[Result "1-0"]
[Round "06"]
[TimeControl "180+1"]
[Date "2022.08.09"]
[WhiteClock "0:00:06"]
[BlackClock "0:00:08"]

1. e4 e5 2. Nf3 Nf6 3. Nxe5 d6 4. Nf3 Nxe4 5. d4 d5 6. Bd3 Bd6 7. O-O O-O 8. c4 c6 9. Nc3 Bf5 10. Qc2 Re8 11. Re1 Na6 12. a3 Qf6 13. Nxe4 dxe4 14. Bxe4 Rxe4 15. Rxe4 Qg6 16. Nd2 Bf4 17. f3 Be3+ 18. Kf1 Bxd4 19. Nb3 Bf6 20. Bf4 Bxe4 21. Qxe4 Qxe4 22. fxe4 Bxb2 23. Rb1 Bxa3 24. Na5 Nc5 25. Nxb7 Nxe4 26. Na5 Bd6 27. Be3 Bxh2 28. Nxc6 a6 29. c5 h5 30. Rb7 a5 31. Ne7+ Kf8 32. c6 Nd6 33. Rd7 Nb5 34. Bc5 a4 35. c7 Nxc7 36. Nd5+ Ke8 37. Rxc7 a3 38. Re7+ Kd8 39. Rxf7 Ra4 40. Rf8+ Kd7 41. Nb6+ Kc6 42. Nxa4 Kb5 43. Bxa3 Kxa4 44. Bb2 1-0


[Site "https://www.chess.com"]

[Event "Titled Tuesday Blitz August 09 Early 2022"]
[White "Bolourchifard, Farzad"]
[Black "Parpiev, Isaak"]
[WhiteFideId "12510084"]
[BlackFideId "34281576"]
[WhiteElo "2317"]
[BlackElo "2049"]
[Result "0-1"]
[Round "06"]
[TimeControl "180+1"]
[Date "2022.08.09"]
[WhiteClock "0:00:11"]
[BlackClock "0:00:11"]

1. e4 e5 2. Nf3 Nc6 3. Bc4 Bc5 4. O-O Nf6 5. d4 Bxd4 6. Nxd4 Nxd4 7. Bg5 h6 8. f4 d6 9. fxe5 dxe5 10. Bxf6 gxf6 11. c3 Ne6 12. Qxd8+ Kxd8 13. Rxf6 Ke7 14. Rf2 Rg8 15. Nd2 Nf4 16. Kh1 Be6 17. g3 Nh3 18. Rg2 Rad8 19. Bxe6 Kxe6 20. Rf1 Rd3 21. Rf3 Rgd8 22. Rxd3 Rxd3 23. Re2 Ng5 24. Kg2 f6 25. h4 Nf7 26. Nf1 h5 27. Ne3 Nh6 28. Nd5 c6 29. Ne3 b5 30. Kf2 a5 31. Kg2 a4 32. a3 Rd6 33. Rf2 Rd3 34. Re2 Rd6 35. Nf1 Ng4 36. Nh2 Nxh2 37. Kxh2 f5 38. exf5+ Kxf5 39. Kg2 Rd3 40. Kf2 e4 41. Kg2 c5 42. Kf2 Rf3+ 43. Kg2 Rd3 44. Kf2 c4 45. Kg2 Rf3 46. Kh2 e3 47. Kg2 Kg4 48. Re1 Rxg3+ 49. Kh2 Kxh4 50. Rf1 Rh3+ 51. Kg2 Kg4 52. Rf6 Rg3+ 53. Kh2 Rf3 54. Rg6+ Kf5 55. Rb6 e2 56. Rxb5+ Ke4 57. Rb8 Re3 58. Re8+ Kd3 59. Rd8+ Kc2 0-1


[Site "https://www.chess.com"]

[Event "Titled Tuesday Blitz August 09 Early 2022"]
[White "Bortnyk, Olexandr"]
[Black "Garriga Cazorla, Pere"]
[WhiteFideId "14120828"]
[BlackFideId "32011601"]
[WhiteElo "3056"]
[BlackElo "2823"]
[Result "1-0"]
[Round "06"]
[TimeControl "180+1"]
[Date "2022.08.09"]
[WhiteClock "0:00:04"]
[BlackClock "0:00:11"]

1. d4 Nf6 2. Nc3 d5 3. Bf4 c5 4. e4 cxd4 5. Qxd4 Nc6 6. Qa4 d4 7. Nb5 e5 8. Bxe5 Bb4+ 9. c3 dxc3 10. Bxc3 Bxc3+ 11. Nxc3 O-O 12. Nf3 Qb6 13. Qb5 Re8 14. Qxb6 axb6 15. Bd3 Nb4 16. Bb1 Bf5 17. Nd2 Be6 18. O-O Nd7 19. Nb5 Rec8 20. a3 Nc2 21. Bxc2 Rxc2 22. Rfd1 Ra5 23. Nd4 Rc7 24. b4 Ra8 25. Nxe6 fxe6 26. Nf3 Kf7 27. Rxd7+ Rxd7 28. Ne5+ Ke7 29. Nxd7 Kxd7 30. Rd1+ Ke7 31. Rd3 Rc8 32. f3 Rc2 33. h4 Ra2 34. Kh2 Rc2 35. Kg3 Ra2 36. h5 Rc2 37. Kh3 Ra2 38. g3 Rc2 39. Kg4 Rh2 40. Rc3 Kd7 41. Kg5 Rd2 42. g4 Ra2 43. Rd3+ Ke7 44. e5 Re2 45. Kf4 Rc2 46. Rd6 Rc4+ 47. Kg3 Rc6 48. Rxc6 bxc6 49. a4 Kd7 50. f4 c5 51. bxc5 bxc5 52. f5 Kc6 53. h6 gxh6 54. f6 Kd7 55. Kf3 h5 56. gxh5 1-0


[Site "https://www.chess.com"]

[Event "Titled Tuesday Blitz August 09 Early 2022"]
[White "Boyer, Mahel"]
[Black "Omelja, Artem"]
[WhiteFideId "45102422"]
[BlackFideId "14119846"]
[WhiteElo "2454"]
[BlackElo "2382"]
[Result "0-1"]
[Round "06"]
[TimeControl "180+1"]
[Date "2022.08.09"]
[WhiteClock "0:00:08"]
[BlackClock "0:00:02"]

1. e4 c5 2. Nf3 e6 3. b3 d5 4. Bb2 dxe4 5. Ne5 Nf6 6. Bb5+ Bd7 7. Qe2 a6 8. Nxd7 Nbxd7 9. Bxf6 gxf6 10. Bxd7+ Qxd7 11. Qxe4 f5 12. Qe5 Rg8 13. Nc3 Bg7 14. Qxc5 Rc8 15. Qb4 Bxc3 16. dxc3 Rxg2 17. Kf1 Rg4 18. c4 Qd4 19. Qe1 Re4 20. Qd1 Qe5 21. Rg1 Ke7 22. Rg3 Rd8 23. Rd3 Qxh2 24. Qf3 Rxd3 25. cxd3 Re5 26. Re1 Rxe1+ 27. Kxe1 Qe5+ 28. Kf1 Qc7 29. d4 Qd7 30. Qf4 b5 31. Qh4+ Ke8 32. Qf6 Qe7 33. Qh8+ Kd7 34. Qxh7 bxc4 35. bxc4 Kc6 36. Qh1+ Kc7 37. Qh2+ Kb7 38. Qe5 Qd7 39. Qc5 Qc7 40. Qb4+ Qb6 41. Qc3 Kc7 42. d5 Qc5 43. Qe5+ Qd6 44. Qd4 exd5 45. cxd5 f6 46. Qa7+ Kd8 47. Qf7 Qe5 48. Qg8+ Kd7 49. Qf7+ Kd6 50. Qa7 Kxd5 51. Qxa6 Ke4 52. Qe2+ Kf4 53. Qxe5+ fxe5 54. a4 Ke4 55. Ke2 Kd4 56. a5 Kc5 57. Kd3 Kb5 58. a6 Kxa6 59. Kc4 e4 60. Kd5 Kb5 61. Ke5 Kc4 62. Kxf5 Kd3 63. Kf4 Ke2 64. Kg3 e3 65. Kg2 exf2 66. Kg3 f1=Q 67. Kh2 Qf7 68. Kh1 Qg6 69. Kh2 Kf2 70. Kh3 Qh5# 0-1


[Site "https://www.chess.com"]

[Event "Titled Tuesday Blitz August 09 Early 2022"]
[White "Bressac, Stephane"]
[Black "Shimanov, Aleksandr"]
[WhiteFideId "655945"]
[BlackFideId "4198603"]
[WhiteElo "2339"]
[BlackElo "2605"]
[Result "0-1"]
[Round "06"]
[TimeControl "180+1"]
[Date "2022.08.09"]
[WhiteClock "0:00:42"]
[BlackClock "0:00:27"]

1. e4 d5 2. exd5 Qxd5 3. Nc3 Qe5+ 4. Be2 Bg4 5. d4 Bxe2 6. Ngxe2 Qa5 7. O-O Nf6 8. Bd2 Nc6 9. Ne4 Qf5 10. N2g3 Qd5 11. Nxf6+ gxf6 12. Be3 O-O-O 13. c3 h5 14. Qb3 e6 15. c4 Qa5 16. Rfd1 h4 17. d5 hxg3 18. dxc6 gxh2+ 19. Kh1 Rxd1+ 20. Rxd1 bxc6 21. a3 Bd6 22. c5 Bxc5 23. Rc1 Bxe3 24. Qxe3 Kb7 25. b4 Qd5 26. a4 a6 27. Qc3 Rg8 28. f3 f5 29. b5 axb5 30. axb5 c5 31. Kxh2 Qd4 32. Qc2 Rh8+ 33. Kg3 Qh4# 0-1


[Site "https://www.chess.com"]

[Event "Titled Tuesday Blitz August 09 Early 2022"]
[White "Bristy, Mukherjee"]
[Black "Ferreira, Vitor Hugo Vieira"]
[WhiteFideId "25077325"]
[BlackFideId "2119765"]
[WhiteElo "1661"]
[BlackElo "2168"]
[Result "1-0"]
[Round "06"]
[TimeControl "180+1"]
[Date "2022.08.09"]
[WhiteClock "0:00:08"]
[BlackClock "0:00:02"]

1. d4 d5 2. c3 Nf6 3. Bg5 Nbd7 4. Nd2 e6 5. e3 b6 6. f4 Bb7 7. Bd3 h6 8. Bh4 g5 9. Bg3 Ne4 10. Ngf3 Nxg3 11. hxg3 Bg7 12. Ne5 Nxe5 13. fxe5 Qe7 14. Qa4+ Qd7 15. Qxd7+ Kxd7 16. O-O Raf8 17. e4 f6 18. exf6 Bxf6 19. exd5 exd5 20. Bf5+ Kd6 21. Rae1 Re8 22. Bg6 Rxe1 23. Rxe1 c5 24. dxc5+ bxc5 25. Bf5 Bc8 26. Rf1 Be5 27. Bxc8 Rxc8 28. Kh2 h5 29. Nf3 Rf8 30. Re1 Bf6 31. Re2 d4 32. Nd2 Bd8 33. Kg1 dxc3 34. bxc3 Kc6 35. c4 Bf6 36. Re6+ Kb7 37. Nb3 Kc7 38. Ra6 Kb8 39. Kh2 Be5 40. Nxc5 Rf7 41. Re6 Bg7 42. Re8+ Kc7 43. Ne6+ Kd7 44. Nxg7 Rxg7 45. Re5 Kd6 46. Rd5+ Kc6 47. Kg1 h4 48. gxh4 gxh4 49. Kh2 Rg4 50. Ra5 Kb6 51. Ra4 a5 52. c5+ Kb5 53. Rxg4 h3 54. gxh3 a4 55. h4 Kc6 56. Kh3 a3 57. h5 Kd5 58. h6 Ke5 59. h7 Kf6 60. h8=Q+ Kf5 61. Qh5+ Ke6 62. Rg6+ 1-0


[Site "https://www.chess.com"]

[Event "Titled Tuesday Blitz August 09 Early 2022"]
[White "Broca Jimenez, Fernando"]
[Black "Todorovic, Bojan"]
[WhiteFideId "5104742"]
[BlackFideId "917087"]
[WhiteElo "2062"]
[BlackElo "2266"]
[Result "1/2-1/2"]
[Round "06"]
[TimeControl "180+1"]
[Date "2022.08.09"]
[WhiteClock "0:01:04"]
[BlackClock "0:00:19"]

1. e4 c5 2. d4 cxd4 3. c3 d5 4. Qxd4 dxe4 5. Qxe4 Nf6 6. Bb5+ Nbd7 7. Qd3 a6 8. Bxd7+ Bxd7 9. Nf3 Bc6 10. Qxd8+ Rxd8 11. O-O Bxf3 12. gxf3 e6 13. Bg5 Be7 14. Nd2 Nd5 15. Bxe7 Kxe7 16. Nc4 Nf4 17. Rfd1 f6 18. Kf1 Rd5 19. Ne3 Rxd1+ 20. Rxd1 Rd8 21. Rxd8 Kxd8 22. c4 Nd3 23. b3 Nc1 24. Ke1 Nxa2 25. Kd2 Nb4 26. Kc3 a5 27. c5 Kc7 28. Kc4 Nc6 29. Nc2 b6 30. Kb5 bxc5 31. Kxc5 Ne5 32. Nd4 Kd7 33. Kb5 Nd3 34. Kxa5 Nxf2 35. b4 e5 36. Nf5 g6 37. Ne3 f5 38. Ka6 e4 39. fxe4 Nxe4 40. b5 f4 41. Nc4 Ke6 42. b6 f3 43. Ne3 Nd6 44. b7 Nxb7 45. Kxb7 g5 46. Kc6 h5 47. Kc5 Ke5 48. Kc4 Ke4 49. Nf1 h4 50. h3 f2 51. Kc3 Kf3 52. Kd2 Kg2 53. Ke2 Kxh3 54. Kxf2 g4 55. Kg1 g3 56. Ne3 g2 57. Nxg2 Kg3 58. Ne3 h3 59. Nf5+ Kf4 60. Nh4 Kg5 61. Nf3+ Kf4 62. Ne1 Ke3 63. Kh2 Ke2 64. Nc2 Kd2 65. Nd4 Kd3 66. Nf5 Ke4 67. Ne7 Ke5 68. Nc8 Ke6 69. Kg3 Kd5 70. Nb6+ Kc6 71. Nc4 h2 72. Kxh2 1/2-1/2


[Site "https://www.chess.com"]

[Event "Titled Tuesday Blitz August 09 Early 2022"]
[White "Bryakin, Mikhail"]
[Black "Aldokhin, Ivan"]
[WhiteFideId "4165314"]
[BlackFideId "24115720"]
[WhiteElo "2784"]
[BlackElo "2630"]
[Result "1-0"]
[Round "06"]
[TimeControl "180+1"]
[Date "2022.08.09"]
[WhiteClock "0:02:37"]
[BlackClock "0:00:55"]

1. Nf3 Nf6 2. g3 g6 3. Bg2 Bg7 4. O-O O-O 5. b3 d6 6. Bb2 a5 7. a4 e5 8. d3 Nc6 9. Nbd2 Bd7 10. e4 Qc8 11. Nc4 Bh3 12. Ne3 Bxg2 13. Kxg2 Qd7 14. h3 Rae8 15. Re1 d5 16. Nd2 d4 17. Nec4 Nh5 18. Ba3 Ne7 19. Nf3 f6 20. Nxa5 Rf7 21. Nxb7 Nc6 22. Nc5 Qc8 23. b4 h6 24. b5 Nd8 25. Nh4 Kh7 26. Qg4 1-0


[Site "https://www.chess.com"]

[Event "Titled Tuesday Blitz August 09 Early 2022"]
[White "Buscar, Michael"]
[Black "Eynullayev, Atilla"]
[WhiteFideId "2603616"]
[BlackFideId "13413570"]
[WhiteElo "2010"]
[BlackElo "1936"]
[Result "0-1"]
[Round "06"]
[TimeControl "180+1"]
[Date "2022.08.09"]
[WhiteClock "0:00:04"]
[BlackClock "0:01:09"]

1. d4 Nf6 2. Nf3 d5 3. Bf4 c5 4. e3 e6 5. Be2 Nc6 6. Nbd2 Nh5 7. Be5 f6 8. Bg3 cxd4 9. Nxd4 Nxg3 10. Nxc6 bxc6 11. hxg3 g6 12. Bd3 f5 13. g4 Bg7 14. gxf5 exf5 15. Rb1 O-O 16. Qf3 Be6 17. Qh3 h6 18. Qg3 Qf6 19. Nb3 Rae8 20. Nc5 Bc8 21. O-O h5 22. b4 h4 23. Qf4 g5 24. Qc7 Re7 25. Qh2 Qh6 26. b5 Be5 27. Qh1 f4 28. exf4 Rxf4 29. bxc6 Bd4 30. Nb3 Bb6 31. g3 Rg7 32. gxf4 Be6 33. f5 g4 34. fxe6 g3 35. Kg2 gxf2+ 36. Kh3 Qxe6+ 37. Kh2 Bc7# 0-1


[Site "https://www.chess.com"]

[Event "Titled Tuesday Blitz August 09 Early 2022"]
[White "Butti, Enrique"]
[Black "Adury, Anant"]
[WhiteFideId "3700470"]
[BlackFideId "30964687"]
[WhiteElo "2080"]
[BlackElo "2327"]
[Result "1/2-1/2"]
[Round "06"]
[TimeControl "180+1"]
[Date "2022.08.09"]
[WhiteClock "0:01:55"]
[BlackClock "0:02:40"]

1. d4 d6 2. e4 e5 3. Nf3 Nd7 4. Bc4 Ngf6 5. Ng5 d5 6. exd5 Nb6 7. dxe5 Nxc4 8. exf6 Qxf6 9. O-O Be7 10. Nc3 O-O 11. Nge4 Qg6 12. b3 Nd6 13. Nxd6 Bxd6 14. Re1 Bf5 15. Bb2 Bxc2 16. Qd4 Qd3 17. Qg4 Qg6 18. Qd4 Qd3 19. Qg4 Qg6 20. Qd4 1/2-1/2


[Site "https://www.chess.com"]